 Dungeon Crawl Stone Soup version 0.30-a0-715-gdb4ae3ece1 (webtiles) character file.

Game seed: 3804858144128209946

653 ryw the Cudgeller (level 7, -2/66 HPs)
             Began as an Ogre Gladiator on Jan 25, 2023.
             Splashed by a jelly's acid (11 damage)
             ... on level 5 of the Dungeon.
             The game lasted 00:07:02 (4807 turns).

ryw the Cudgeller (Ogre Gladiator)                  Turns: 4807, Time: 00:07:03

Health: -2/66      AC: -4    Str: 21    XL:     7   Next: 54%
Magic:  7/7        EV: 10    Int:  9    God:
Gold:   307        SH:  0    Dex: 10    Spells: 6/6 levels left

rFire   . . .      SeeInvis .    d - +0 mace (heavy)
rCold   . . .      Faith    .    (no shield)
rNeg    . . .      Spirit   .    o - +1 animal skin
rPois   .          Reflect  .    c - +0 hat
rElec   .          Harm     .    i - scarf {repulsion}
rCorr   .          Rampage  .    (gloves unavailable)
Will    .....                    (boots unavailable)
Stlth   +                        (no amulet)
HPRegen 0.31/turn                (no ring)
MPRegen 0.10/turn                (no ring)

@: lethally poisoned (-2 -> -5), corroded, repel missiles
A: large, unfitting armour, tough skin 1
a: no special abilities


You were on level 5 of the Dungeon.
You visited 1 branch of the dungeon, and saw 5 of its levels.

You collected 307 gold pieces.

Inventory:

Hand Weapons
 a - a +0 flail
 d - a +0 heavy mace (weapon)
Missiles
 e - a large rock (quivered)
Armour
 c - a +0 hat (worn)
 i - a scarf of repulsion (worn)
 o - a +1 animal skin (worn)
Jewellery
 b - an amulet of guardian spirit
 l - a ring of fire
Scrolls
 j - a scroll of fog
 k - 2 scrolls of immolation
 p - a scroll of identify
Potions
 f - 3 potions of haste
 g - a potion of brilliance {unknown}
 h - a potion of might
 m - a potion of cancellation {unknown}
 n - 4 potions of curing
 q - a potion of flight {unknown}
 r - 2 potions of attraction {unknown}


   Skills:
 - Level 2.6 Fighting
 + Level 7.8 Maces & Flails
 - Level 2.0 Throwing
 - Level 2.6 Dodging


You had 6 spell levels left.
You didn't know any spells.
Your spell library contained the following spells:

 Spells                   Type           Power      Damage    Failure   Level
 Shock                    Conj/Air       0%         1d3       38%         1
 Swiftness                Air            0%         N/A       77%         3
 Airstrike                Air            0%         2d(0-16)  99%         4


Dungeon Overview and Level Annotations

Branches:
Dungeon (5/15)
 Temple: D:4-7

Altars:

Shops:
D:2 (


Innate Abilities, Weirdness & Mutations

You are too large for most types of armour.
You have tough skin. (AC +1)


Message History

The water moccasin is moderately wounded.
The water moccasin bites you but does no damage.
The water moccasin bites you.
You hit the water moccasin but do no damage.
The water moccasin is moderately wounded.
The water moccasin misses you.
The water moccasin bites you but does no damage.
The jelly hits you.
You are splashed with acid.
You miss the water moccasin.
The water moccasin is moderately wounded.
The water moccasin barely misses you. The water moccasin misses you.
The jelly closely misses you. The water moccasin closely misses you.
You thump the water moccasin!
The water moccasin is heavily wounded.
The jelly hits you but does no damage. The water moccasin bites you.
You are poisoned.
The water moccasin poisons you! The jelly barely misses you.
The water moccasin bites you!
You completely miss the water moccasin.
The water moccasin is heavily wounded.
You feel very sick.
The water moccasin bites you but does no damage.
The jelly hits you. The acid corrodes you!
You are splashed with acid!
The water moccasin barely misses you.
You closely miss the water moccasin.
The water moccasin is heavily wounded.
You feel very sick. The jelly closely misses you. The water moccasin bites you!
The jelly hits you.
You are splashed with acid!
* * * LOW HITPOINT WARNING * * *
The water moccasin bites you.
* * * LOW HITPOINT WARNING * * *
You are too injured to fight recklessly!
You are too injured to fight recklessly!
You bludgeon the water moccasin!!
You kill the water moccasin!
You feel sick. The jelly barely misses you. The jelly hits you.
* * * LOW HITPOINT WARNING * * *
The acid corrodes you!
You are splashed with acid!
You die...

#.....##...........#
#.....#...........##
##....#..........##
###.............#
###...........#
#........)...##
#.............##
#..............#
#..........@J..#
#...............#
#...............#
#................#
#...................
##..................
...................
. ................
..#............


You could see a jelly.

Vanquished Creatures
  A water moccasin (D:5)
  A black bear (D:4)
  Blork the orc (D:4)
  A scorpion (D:5)
  2 orc priests (D:3)
  A hound (D:4)
  An iguana (D:4)
  3 orc wizards
  Natasha (thrice) (D:4)
  Terence (D:3)
  Robin (D:4)
  4 adders
  2 worms (D:2)
  2 dart slugs
  10 orcs
  5 bats
  11 endoplasms
  3 giant cockroaches
  9 goblins
  4 hobgoblins
  4 jackals (D:2)
  8 quokkas
  11 ball pythons
  3 frilled lizards
  6 kobolds
  4 rats
102 creatures vanquished.

Notes
Turn   | Place    | Note
-------+----------+-------------------------------------------
     0 | D:1      | ryw the Ogre Gladiator began the quest for the Orb.
     0 | D:1      | Reached XP level 1. HP: 22/22 MP: 1/1
    79 | D:1      | Reached skill level 3 in Maces & Flails
   174 | D:1      | Reached XP level 2. HP: 27/29 MP: 2/2
   416 | D:1      | Reached XP level 3. HP: 33/36 MP: 3/3
   910 | D:2      | Reached skill level 4 in Maces & Flails
  1006 | D:2      | Found Xiesm's Weapon Shop.
  1298 | D:2      | Reached XP level 4. HP: 29/44 MP: 4/4
  2092 | D:3      | Reached skill level 5 in Maces & Flails
  2092 | D:3      | Reached XP level 5. HP: 35/50 MP: 5/5
  2541 | D:3      | Noticed Terence
  2548 | D:3      | Killed Terence
  2984 | D:3      | Reached XP level 6. HP: 59/59 MP: 6/6
  3016 | D:4      | Reached skill level 6 in Maces & Flails
  3106 | D:4      | Noticed a black bear
  3125 | D:4      | Killed a black bear
  3252 | D:4      | Noticed Robin
  3267 | D:4      | Killed Robin
  3652 | D:4      | Noticed Blork the orc
  3658 | D:4      | Killed Blork the orc
  3659 | D:4      | Reached skill level 7 in Maces & Flails
  3659 | D:4      | Reached XP level 7. HP: 53/66 MP: 7/7
  4025 | D:4      | Noticed Natasha
  4031 | D:4      | Killed Natasha
  4229 | D:5      | Entered Level 5 of the Dungeon
  4339 | D:4      | Noticed Natasha
  4346 | D:4      | Killed Natasha
  4359 | D:4      | Noticed Natasha
  4366 | D:4      | Killed Natasha
  4807 | D:5      | Splashed by a jelly's acid

Illustrated notes

Levels and vault maps discovered:
D:1:      lemuel_arrival_funnel, layout_basic
D:2:      layout_basic, serial_shops, nicolae_shop_bloodbath_and_beyond
D:3:      layout_loops_ring, wander_ebering_terrifying_dragon_lair, uniq_terence
D:4:      layout_basic, uniq_robin, uniq_blork_the_orc, uniq_natasha
D:5:      layout_cave_pods, minmay_temple_entry_arrows

Skill      XL: |  1  2  3  4  5  6 |
---------------+-------------------+-----
Maces & Flails | 3 4 5 7 |  7.8
Fighting       | |  2.6
Throwing       | |  2.0
Dodging        | |  2.6

Action                     |  1- 3 |  4- 6 |  7- 9 || total
---------------------------+-------+-------+-------++-------
  Melee: Flail             |   143 |   116 |       ||   259
         Mace              |       |    24 |    72 ||    96
         Punch             |       |     1 |     1 ||     2
  Throw: Throwing net      |       |     3 |       ||     3
         Large rock        |       |     2 |     1 ||     3
    Use: Scroll            |     2 |     7 |       ||     9
         Potion            |     2 |     2 |       ||     4
   Stab: Sleeping          |       |     3 |       ||     3
         Held in net/web   |       |     2 |       ||     2
 Armour: Robe              |    74 |    38 |       ||   112
         Animal skin       |       |     1 |    22 ||    23
  Dodge: Dodged            |    99 |    77 |    52 ||   228
         Repelled          |       |     1 |     1 ||     2

Table legend: (Time is in decaauts)
 A = Elapsed time spent in this place.
 B = Non-inter-level travel time spent in this place.
 C = Inter-level travel time spent in this place.
 D = Time resting spent in this place.
 E = Time spent auto-exploring this place.
 F = Levels seen in this place.
 G = Mean time per level.
                   A        B        C        D        E       F      G
               +--------+--------+--------+--------+--------+-----+--------+
         Total |   4905 |   4657 |    248 |    800 |   2850 |   5 |  981.0 |
       Dungeon |   4905 |   4657 |    248 |    800 |   2850 |   5 |  981.0 |
               +--------+--------+--------+--------+--------+-----+--------+

Top non-repeatable levels by time:
     D:4: 1601 daAuts
     D:2: 1034 daAuts
     D:3: 1018 daAuts
     D:1: 885 daAuts
     D:5: 366 daAuts
